 Dungeon Crawl Stone Soup version 0.29-a0-887-gcbe080d7e0 (webtiles) character file.

Game seed: 11467955663975143551

186 zeratav the Stinger (level 5, 0/31 HPs)
             Began as an Octopode Venom Mage on July 21, 2022.
             Slain by a gnoll
             ... wielding a +0 whip
              (8 damage)
             ... on level 2 of the Dungeon.
             The game lasted 00:05:37 (4654 turns).

zeratav the Stinger (Octopode Venom Mage)           Turns: 4654, Time: 00:05:38

Health: 0/31       AC:  1    Str:  8    XL:     5   Next: 65%
Magic:  1/8        EV: 13    Int: 19    God:
Gold:   76         SH:  0    Dex: 12    Spells: 5/8 levels left

rFire   . . .      SeeInvis .   o - staff of poison {staff}
rCold   . . .      Faith    .   (no shield)
rNeg    + . .      Spirit   .   (helmet restricted)
rPois   +          Reflect  .   (no amulet)
rElec   .          Harm     .   i - ring of positive energy
rCorr   .          Rampage  .   (no ring)
Will    .....                   (no ring)
Stlth   ++++......              (no ring)
HPRegen 0.10/turn               (no ring)
MPRegen 0.11/turn               (no ring)
                                (no ring)
                                (no ring)

@: no status effects
A: almost no armour, amphibious, 8 rings, camouflage 1, gelatinous body 1,
(nimble swimmer 1), tentacles
a: no special abilities


You were on level 2 of the Dungeon.
You visited 1 branch of the dungeon, and saw 4 of its levels.

You collected 76 gold pieces.


Innate Abilities, Weirdness & Mutations

You cannot wear most types of armour.
You are amphibious.
You can wear up to eight rings at the same time.
Your skin changes colour to match your surroundings (Stealth+).
Your rubbery body absorbs attacks. (AC +1, EV +1)
((You are camouflaged when in or above water. (Stealth+)))
You have tentacles for arms and can constrict up to eight enemies at once.


   Skills:
 - Level 2.0 Dodging
 - Level 5.0 Stealth
 - Level 2.0 Spellcasting
 - Level 1.0 Transmutations
 + Level 6.5 Poison Magic


You had 5 spell levels left.
You knew the following spells:

 Your Spells              Type           Power      Damage    Failure   Level
a - Sting                 Tmut/Pois      96%        1d7       3%          1
b - Poisonous Vapours     Pois/Air       42%        N/A       7%          2

Your spell library contained the following spells:

 Spells                   Type           Power      Damage    Failure   Level
 Olgreb's Toxic Radiance  Pois           40%        N/A       12%         4
 Shock                    Conj/Air       4%         1d3       17%         1
 Mephitic Cloud           Conj/Pois/Air  15%        N/A       21%         3
 Swiftness                Air            1%         N/A       45%         3
 Airstrike                Air            0%         0-2+      86%         4

Inventory:

Hand Weapons
 f - a +0 dagger {short}
   (You took it off a goblin on level 1 of the Dungeon)
Magical Staves
 o - a staff of poison (weapon) {staff}
   (You found it on level 3 of the Dungeon)
 p - a staff of air {staff}
   (You found it on level 3 of the Dungeon)
Jewellery
 i - a ring of positive energy (left tentacle)
   (You found it on level 1 of the Dungeon)
 n - a ring of fire
   (You found it on level 3 of the Dungeon)
Scrolls
 b - 5 scrolls of identify {unknown}
 c - 2 scrolls of fear {unknown}
 d - 2 scrolls of enchant armour {unknown}
 e - 3 scrolls of teleportation {unknown}
 l - a scroll of enchant weapon {unknown}
Potions
 a - a potion of magic
 g - 2 potions of heal wounds {@q2}
 h - a potion of brilliance {unknown}
 j - 2 potions of haste {unknown}
 k - 3 potions of curing {unknown}
 m - a potion of flight {unknown}

Dungeon Overview and Level Annotations

Branches:
Dungeon (4/15) Zot: 19342
 Temple: D:4-7

Altars:

Shops:
D:1

[ #.###.# #..#####.##.....## #.#
#.###..#####.#..†....##
#.###.....<...............##
#..........#..#..#.........#
#..##..##.....#..##.....##.#
#..##..#.........###...###.#
#..##..##.....#.## #....##.#
#......###.##.#g# #.##.##.#
#...##.###.##.#@# #.##.##.#
##...##........#.# #.##.##.# ##
.......####<.....# #.......# #.
.......###...##### ####.#### #.
.......##.....## ####.# ###.
#....###.......## ##.##.# #...
.....##.........####...#.#####.#.
......+.........'................
...####.........####...#######.#.


You could see a gnoll.


Message History

Press: ? - help, Dir - move target, f - gnoll
Aim: a gnoll, wielding a +1 halberd of protection (wandering, hasn't noticed you)
You feel a surge of power!
Poisonous vapours surround the gnoll!
The gnoll is poisoned.
The gnoll shouts!
You hear a shout!
A gnoll comes into view. It is wielding a +0 whip.
A goblin comes into view. It is wielding a +0 club.
MP[-2]
You lost 2 mp, and now have 6/8 mp.
Casting: Poisonous Vapours (safe; 7% risk of failure)
Confirm with . or Enter, or press ? or * to list all spells.
Aiming: Poisonous Vapours (safe; 7% risk of failure)
Press: ? - help, Dir - move target, p - gnoll You can't see that place.
Okay, then.
Casting: Poisonous Vapours (safe; 7% risk of failure)
Confirm with . or Enter, or press ? or * to list all spells.
Aiming: Poisonous Vapours (safe; 7% risk of failure)
Press: ? - help, Dir - move target, f/p - gnoll
Aim: a gnoll, wielding a +1 halberd of protection (poisoned)
You feel a surge of power!
Poisonous vapours surround the gnoll!
The gnoll looks even sicker.
The goblin shouts!
MP[-2]
You lost 2 mp, and now have 4/8 mp.
The quokka attacks as you move away! The quokka bites you.
HP[-1]
You take 1 damage, and now have 30/31 hp.
Casting: Poisonous Vapours (safe; 7% risk of failure)
Confirm with . or Enter, or press ? or * to list all spells.
Aiming: Sting (safe; 3% risk of failure)
Press: ? - help, Shift-Dir - straight line, f - quokka, p - gnoll
Aim: a quokka (67% to hit)
You feel a surge of power!
The sting hits the quokka.
The quokka is poisoned.
The quokka barely misses you. The quokka bites you.
HP[-4] MP[-1]
You take 4 damage, and now have 26/31 hp.
You lost 1 mp, and now have 3/8 mp.
Casting: Sting (safe; 3% risk of failure)
Confirm with . or Enter, or press ? or * to list all spells.
Aiming: Sting (safe; 3% risk of failure)
Press: ? - help, Shift-Dir - straight line, f/p - quokka
Aim: a quokka (severely wounded, poisoned, 67% to hit)
You feel a surge of power!
The sting misses the quokka.
You kill the quokka!
MP[-1]
You lost 1 mp, and now have 2/8 mp.
MP[+1]
The gnoll hits you from afar with a +1 halberd of protection!
HP[-8]
You take 8 damage, and now have 18/31 hp.
MASSIVE DAMAGE!! (PAUSE)
The gnoll hits you from afar with a +1 halberd of protection!
* * * LOW HITPOINT WARNING * * *
HP[-7]
You take 7 damage, and now have 11/31 hp.
MASSIVE DAMAGE!! (PAUSE)
The gnoll barely misses you. The gnoll attacks as you move away!
The gnoll hits you with a +0 whip.
* * * LOW HITPOINT WARNING * * *
You kill the gnoll!
HP[-3]
You take 3 damage, and now have 8/31 hp.
The gnoll attacks as you move away! The gnoll barely misses you.
The gnoll attacks as you move away! The gnoll closely misses you.
The gnoll attacks as you move away! The gnoll closely misses you.
MP[+1]
There is a stone staircase leading up here.
The gnoll hits you with a +0 whip.
* * * LOW HITPOINT WARNING * * *
You climb upwards.
There is a stone staircase leading down here.
HP[-1]
You take 1 damage, and now have 7/31 hp.
Casting: Sting (safe; 3% risk of failure)
Confirm with . or Enter, or press ? or * to list all spells.
Aiming: Sting (safe; 3% risk of failure)
Press: ? - help, Shift-Dir - straight line, f - gnoll
Aim: a gnoll, wielding a +0 whip (79% to hit)
You feel a surge of power!
The sting misses the gnoll.
The gnoll closely misses you.
HP[+1] MP[-1]
You lost 1 mp, and now have 3/8 mp.
Casting: Sting (safe; 3% risk of failure)
Confirm with . or Enter, or press ? or * to list all spells.
Aiming: Sting (safe; 3% risk of failure)
Press: ? - help, Shift-Dir - straight line, f/p - gnoll
Aim: a gnoll, wielding a +0 whip (79% to hit)
You feel a surge of power!
The sting misses the gnoll.
The gnoll barely misses you.
MP[-1]
You lost 1 mp, and now have 2/8 mp.
Casting: Sting (safe; 3% risk of failure)
Confirm with . or Enter, or press ? or * to list all spells.
Aiming: Sting (safe; 3% risk of failure)
Press: ? - help, Shift-Dir - straight line, f/p - gnoll
Aim: a gnoll, wielding a +0 whip (79% to hit)
You feel a surge of power!
The sting misses the gnoll.
The gnoll hits you with a +0 whip!
You die...

Skill      XL: |  1  2  3  4  5 |
---------------+----------------+-----
Stealth        | 3 4 5 |  5.0
Poison Magic   | 4 5 6 |  6.5
Dodging        | |  2.0
Spellcasting   | |  2.0
Transmutations | |  1.0

Action                   |  1- 3 |  4- 6 || total
-------------------------+-------+-------++-------
Melee: Dagger            |    51 |    66 ||   117
       Unarmed           |     4 |       ||     4
       Tentacles         |     9 |    15 ||    24
       Constrict         |    10 |    16 ||    26
       Punch             |       |     1 ||     1
 Cast: Sting             |    13 |    27 ||    40
       Poisonous Vapours |     2 |    19 ||    21
  Use: Potion            |     1 |       ||     1
 Stab: Sleeping          |    17 |     3 ||    20
Armor: Skin              |     6 |     1 ||     7
Dodge: Dodged            |    31 |    41 ||    72

Levels and vault maps discovered:
D:1:      lemuel_arrival_room, layout_basic,
          shapermc_ecumenical_altar_hornbeckon, serial_shops, shop
D:2:      layout_loops_corners
D:3:      layout_rooms, lightli_sewer_entry_pipes, serial_shops,
          nicolae_shop_crystal, serial_aquarium, aquarium_bridge_straight
          [aquarium_subvault_bridge, aquarium_subvault_wall,
          aquarium_subvault_bridge, aquarium_subvault_window],
          aquarium_window_fake, aquarium_window_corridor_2, aquarium_view_2b,
          aquarium_balcony_3b, aquarium_pool_2, uniq_jessica,
          uniq_crazy_yiuf_cottage
D:4:      layout_basic, uniq_blork_the_orc, uniq_sigmund, uniq_duvessa

Notes
Turn   | Place    | Note
-------+----------+-------------------------------------------
     0 | D:1      | zeratav the Octopode Venom Mage began the quest for the
                  | Orb.
     0 | D:1      | Reached XP level 1. HP: 11/11 MP: 3/3
     0 | D:1      | magus.rc [v1.9.6]
   286 | D:1      | Reached skill level 3 in Stealth
   374 | D:1      | You pick up a book of Air and begin reading...
   374 | D:1      | You add the spells Shock, Swiftness and Airstrike to your
                  | library.
   407 | D:1      | Reached XP level 2. HP: 17/17 MP: 5/5
   418 | D:1      | Reached skill level 4 in Poison Magic
   789 | D:1      | Found Yrybruid's Antique Armour Boutique.
   798 | D:1      | HP: 3/17 [gnoll/+0 spear (8)]
   802 | D:1      | Reached skill level 4 in Stealth
   802 | D:1      | Reached XP level 3. HP: 4/21 MP: 0/6
  1220 | D:1      | Found a faded altar of an unknown god.
  1840 | D:2      | You fall into a shaft and drop 2 floors!
  1919 | D:4      | Learned a level 2 spell: Poisonous Vapours
  1925 | D:4      | HP: 4/21 [adder (2)]
  1932 | D:4      | Reached XP level 4. HP: 13/27 MP: 1/7
  2140 | D:3      | Noticed Jessica
  2742 | D:4      | Noticed an ogre
  2757 | D:3      | Killed Jessica
  2758 | D:3      | Reached skill level 5 in Stealth
  2758 | D:3      | Reached skill level 5 in Poison Magic
  2846 | D:3      | HP: 5/27 [orc/+0 falchion (6)]
  2848 | D:3      | Reached XP level 5. HP: 6/31 MP: 3/8
  3280 | D:3      | HP: 4/31 [river rat (7)]
  3282 | D:3      | HP: 1/31 [river rat (4)]
  3285 | D:3      | Reached skill level 6 in Poison Magic
  4616 | D:3      | Found Ixuwk's Assorted Antiques.
  4650 | D:3      | HP: 7/31 [gnoll/+0 whip (1)]
  4654 | D:2      | Slain by a gnoll

Vanquished Creatures
  Jessica (D:3)
  2 gnolls
  4 adders
  2 river rats (D:3)
  4 worms
  2 dart slugs (D:1)
  5 orcs (D:3)
  10 endoplasms
  8 hobgoblins
  3 kobolds
  2 quokkas
  4 ball pythons
  6 bats
  3 frilled lizards
  8 goblins
  4 rats
68 creatures vanquished.

Table legend:
 A = Non-vault XP
 B = Vault XP
 C = Vault XP percentage of total XP
 D = Non-vault monster count
 E = Vault monster count
 F = Vault count percentage of total count
                 A         B        C        D         E       F
            +---------+---------+-------+---------+---------+-------
      Total |     186 |      80 |  30.1 |      60 |       8 |  11.8
            +---------+---------+-------+---------+---------+-------
        D:1 |      52 |       0 |   0.0 |      22 |       0 |   0.0
        D:2 |      48 |       0 |   0.0 |      19 |       0 |   0.0
        D:3 |      71 |      80 |  53.0 |      17 |       8 |  32.0
        D:4 |      15 |       0 |   0.0 |       2 |       0 |   0.0
            +---------+---------+-------+---------+---------+-------

Illustrated notes

Table legend:
 A = Kills in this place as a percentage of kills in entire the game.
 B = Kills by you in this place as a percentage of kills by you in the entire game.
 C = Kills by friends in this place as a percentage of kills by friends in the entire game.
 D = Other kills in this place as a percentage of other kills in the entire game.
 E = Experience gained in this place as a percentage of experience gained in the entire game.
 F = Experience gained in this place divided by the number of levels of this place that you have seen.
                   A       B       C       D       E      F
               +-------+-------+-------+-------+-------+----------------------
         Total | 100.0 | 100.0 |   N/A |   N/A | 100.0 |  66.5
       Dungeon | 100.0 | 100.0 |   N/A |   N/A | 100.0 |  66.5
               +-------+-------+-------+-------+-------+----------------------

Table legend: (Time is in decaauts)
 A = Elapsed time spent in this place.
 B = Non-inter-level travel time spent in this place.
 C = Inter-level travel time spent in this place.
 D = Time resting spent in this place.
 E = Time spent auto-exploring this place.
 F = Levels seen in this place.
 G = Mean time per level.
                   A        B        C        D        E       F      G
               +--------+--------+--------+--------+--------+-----+--------+
         Total |   4656 |   4554 |    102 |   1713 |   2251 |   4 | 1164.0 |
       Dungeon |   4656 |   4554 |    102 |   1713 |   2251 |   4 | 1164.0 |
               +--------+--------+--------+--------+--------+-----+--------+

Top non-repeatable levels by time:
     D:1: 1464 daAuts
     D:3: 1400 daAuts
     D:2: 926 daAuts
     D:4: 865 daAuts
